 Dungeon Crawl Stone Soup version 0.27.1-2-g3b301248ec (webtiles) character file.

Game seed: 15152883859705781854

0 Jahmms the Conjurer (level 1, 0/7 HPs)
             Began as a Felid Conjurer on Oct 1, 2021.
             Slain by a quokka (1 damage)
             ... on level 1 of the Dungeon.
             The game lasted 00:02:25 (16 turns).

Jahmms the Conjurer (Felid Conjurer)                  Turns: 16, Time: 00:02:25

Health: 0/7        AC:  1    Str:  3    XL:     1   Next: 8%
Magic:  0/4        EV: 17    Int: 19    God:
Gold:   0          SH:  0    Dex: 14    Spells: 3/4 levels left
                                        Lives:  0   Deaths: 0

rFire    . . .     SeeInvis +   (weapon unavailable)
rCold    . . .     Faith    .   (shield unavailable)
rNeg     . . .     Spirit   .   (armour unavailable)
rPois    .         Reflect  .   (helmet unavailable)
rElec    .         Harm     .   (cloak unavailable)
rCorr    .         Rampage  .   (gloves unavailable)
Will     .....                  (boots unavailable)
Stlth    ++........             (no amulet)
HPRegen  0.02/turn              (no ring)
MPRegen  0.09/turn              (no ring)

@: quick
A: very small, claws 1, fangs 3, see invisible, speed 1, shaggy fur 1, stealthy
paws, no weapons or thrown items, no armour, multi-lived
a: no special abilities


You were on level 1 of the Dungeon.
You visited 1 branch of the dungeon, and saw 1 of its levels.

You aren't carrying anything.


   Skills:
 + Level 2.8 Dodging
 + Level 2.6 Stealth
 + Level 2.0 Spellcasting
 + Level 3.6 Conjurations


You had 3 spell levels left.
You knew the following spells:

 Your Spells              Type           Power      Damage    Failure   Level
a - Magic Dart            Conj           60%        1d6       3%          1

Your spell library contained the following spells:

 Spells                   Type           Power      Damage    Failure   Level
 Searing Ray              Conj           30%        3d4       6%          2
 Dazzling Flash           Conj/Hex       16%        N/A       24%         3
 Fulminant Prism          Conj/Hex       4%         3d6       63%         4
 Iskenderun's Mystic Bla  Conj/Tloc      8%         2d4       63%         4


Dungeon Overview and Level Annotations

Branches:
Dungeon (1/15)

Altars:


Innate Abilities, Weirdness & Mutations

You have sharp claws.
You have razor-sharp teeth.
You have supernaturally acute eyesight. (SInv)
You cover ground quickly. (Speed+)
You are covered in fur. (AC +1)
Your paws help you pounce on unaware monsters.
You are incapable of wielding weapons or throwing items.
You cannot wear armour.
You gain extra lives every three experience levels.


Message History

The magic dart hits the kobold but does no damage.
The kobold shouts!
Press: ? - help, v - describe, . - travel
Here: a kobold, wielding a +0 whip The floor.
Aiming: Magic Dart (safe; 3% risk of failure)
Press: ? - help, Q - select action Shift-Dir - straight line, f/p - kobold
Aim: a kobold, wielding a +0 whip (100% to hit)
The magic dart hits the kobold.
You kill the kobold!
A quokka comes into view.
You scratch the quokka.
The quokka is moderately wounded.
The quokka misses you.
You scratch the quokka but do no damage.
The quokka is moderately wounded.
The quokka bites you.
Ouch! That really hurt!
You barely miss the quokka.
The quokka is moderately wounded.
The quokka closely misses you.
Aiming: Magic Dart (safe; 3% risk of failure)
Press: ? - help, Q - select action Shift-Dir - straight line, f - quokka
Aim: a quokka (moderately wounded, 100% to hit)
The magic dart hits the quokka but does no damage.
The quokka is moderately wounded.
The quokka bites you.
* * * LOW HITPOINT WARNING * * *
Aiming: Magic Dart (safe; 3% risk of failure)
Press: ? - help, Q - select action Shift-Dir - straight line, f/p - quokka
Aim: a quokka (moderately wounded, 100% to hit)
The magic dart hits the quokka.
The quokka is heavily wounded.
The quokka misses you. The quokka completely misses you.
You don't have enough magic to cast this spell.
Unknown command.
You scratch the quokka but do no damage.
The quokka is heavily wounded.
The quokka bites you.
You die...

># # #.
####☼♣♣.♣###
#§§§♣..♣♣§§ ## #
♣§♣§♣8.8§♣ §§ #.
#♣♣§♣8..§8♣§♣
#.#♣.♣§8..∩..8§♣
#..♣.♣8.......8♣
#.)r@...∩.<.∩..♣
#.#♣♣.8.=.....8.♣
# ♣.♣♣8..∩..8§♣..
#. ♣.8...8♣§♣ #
#♣ ♣.♣8.8.♣♣§§
§♣♣.♣.♣.♣§## §§
♣.♣♣.## # .## #..
?.


You could see a quokka.

Vanquished Creatures
  A kobold (D:1)
1 creature vanquished.

Notes
Turn   | Place    | Note
-------+----------+-------------------------------------------
     0 | D:1      | Jahmms the Felid Conjurer began the quest for the Orb.
     0 | D:1      | Reached XP level 1. HP: 7/7 MP: 4/4
    16 | D:1      | Slain by a quokka

Illustrated notes

Levels and vault maps discovered:
D:1:      heliophobic_arrival_enchanted_forest, layout_loops_ring,
          basic_ecumenical_altar, chequers_serial_rivers_micro_c,
          minmay_misc_feat_tower

Action                   || total
-------------------------++-------
Melee: Unarmed           ||     4
 Cast: Magic Dart        ||     4
Dodge: Dodged            ||     4
